 Dungeon Crawl Stone Soup version 0.19-a0-1365-gb34f4cb (webtiles) character file.

72 dorian the Charmwright (level 3, 0/29 HPs)
             Began as a Demigod Skald on Sept 2, 2016.
             Succumbed to an adder's poison
             ... on level 2 of the Dungeon.
             The game lasted 00:03:06 (1518 turns).

dorian the Charmwright (Demigod Skald)              Turns: 1518, Time: 00:03:07

Health: 0/29       AC:  4    Str: 15    XL:     3   Next: 80%
Magic:  6/8        EV: 12    Int: 16    God:
Gold:   49         SH:  0    Dex: 17    Spells: 2 memorised, 2 levels left

rFire  . . .     SeeInvis .     a - +0 falchion
rCold  . . .     Gourm    .     b - +0 leather armour
rNeg   . . .     Faith    .     (no shield)
rPois  .         Spirit   .     (no helmet)
rElec  .         Dismiss  .     (no cloak)
rCorr  .         Reflect  .     (no gloves)
MR     .....     Harm     .     l - +0 pair of boots
Stlth  +.........               (no amulet)
                                (no ring)
                                (no ring)

@: lethally poisoned (0 -> -4), flying
A: high mp 1
a: no special abilities


You were on level 2 of the Dungeon.
You were not hungry.

You visited 1 branch of the dungeon, and saw 2 of its levels.

You collected 49 gold pieces.

Inventory:

Hand Weapons
 a - a +0 falchion (weapon)
Armour
 b - a +0 leather armour (worn)
 l - a +0 pair of boots (worn)
Scrolls
 f - 2 scrolls of noise {unknown}
 g - 2 scrolls of amnesia {unknown}
 h - a scroll of remove curse {unknown}
 j - a scroll of identify {unknown}
 m - a scroll of teleportation {unknown}
Books
 c - a book of Battle

   Spells                             Type                      Level
   a - Infusion                       Charms                       1
   b - Shroud of Golubria             Charms/Translocation         2
   c - Song of Slaying                Charms                       2
   d - Spectral Weapon                Hexes/Charms                 3
   e - Regeneration                   Charms/Necromancy            3
Comestibles
 d - a bread ration
 k - 4 beef jerkies


   Skills:
 - Level 1.7 Fighting
 * Level 3.1 Long Blades
 - Level 0.8 Armour
 + Level 2.0 Dodging
 - Level 1.7 Spellcasting
 + Level 3.1 Charms


You had 2 spell levels left.
You knew the following spells:

 Your Spells              Type           Power        Failure   Level  Hunger
a - Infusion              Chrm           ##..         10%         1    ##.....
b - Shroud of Golubria    Chrm/Tloc      #.........   21%         2    ###....


Dungeon Overview and Level Annotations

Branches:
Dungeon (2/15)


Innate Abilities, Weirdness & Mutations

You have an increased reservoir of magic. (+10% MP)


Message History

* * * LOW HITPOINT WARNING * * *
You feel sick.
* * * LOW HITPOINT WARNING * * *
You feel sick.
* * * LOW HITPOINT WARNING * * *
You feel sick.
You are no longer magically infusing your attacks.
* * * LOW HITPOINT WARNING * * *
You feel sick.
* * * LOW HITPOINT WARNING * * *
You feel sick.
* * * LOW HITPOINT WARNING * * *
You feel sick.
Found an escape hatch in the floor.
* * * LOW HITPOINT WARNING * * *
You feel sick.
* * * LOW HITPOINT WARNING * * *
You feel sick.
A bat comes into view.
You die...

...#.# #...#####.....#
...#.. #.............#
...###+###..............
........##...........#
#.......##...........#
#.......#######...#+##
#...#####............#
.....................#
#########.......@#.......
.. ...##........### # ...
#....#+#.# ## .. #....#
.# .. #....# # .# #..b.#
.# ...... .. !...... ####


You could see a bat.

Vanquished Creatures
  2 adders (D:2)
  2 dart slugs (D:1)
  A giant gecko (D:2)
  2 giant cockroaches
  8 goblins
  9 hobgoblins
  4 jackals (D:2)
  3 bats (D:2)
  3 giant newts (D:2)
  7 kobolds
  3 rats
44 creatures vanquished.

Notes
Turn   | Place    | Note
-------+----------+-------------------------------------------
     0 | D:1      | dorian the Demigod Skald began the quest for the Orb.
     0 | D:1      | Reached XP level 1. HP: 17/17 MP: 5/5
    56 | D:1      | Reached skill level 1 in Dodging
   227 | D:1      | Reached XP level 2. HP: 17/24 MP: 7/7
   616 | D:1      | HP: 1/24 [hobgoblin/club (3)]
  1062 | D:2      | Reached XP level 3. HP: 26/29 MP: 8/8
  1123 | D:2      | Found a snail-covered altar of Cheibriados.
  1199 | D:2      | Learned a level 2 spell: Shroud of Golubria
  1515 | D:2      | HP: 1/29 [poisoned by an adder]
  1518 | D:2      | Succumbed to an adder's poison

Vault maps used:
D:1:      dpeg_arrival_triangle_fractal
D:2:      cheibriados_altar_1, lemuel_doored_altar, uniq_crazy_yiuf_cottage

Skill      XL: |  1  2  3 |
---------------+----------+-----
Dodging        | 1 2 |  2.0
Long Blades    | 2 3 |  3.1
Charms         | 3 |  3.1
Fighting       | |  1.7
Armour         | |  0.8
Spellcasting   | |  1.7

Action                   || total
-------------------------++-------
Melee: Falchion          ||   159
 Cast: Shroud of Golubri ||     1
       Infusion          ||     1
  Use: Potion            ||     1
 Stab: Sleeping          ||     1
  Eat: Chunk             ||     2
Armor: Leather armour    ||    31
Dodge: Dodged            ||    91
